Devils vs Nordiques

Created - April 13, 2018 at 19:29

Goals
1 2 3 T
Devils 1 0 2 3
Nordiques 3 2 0 5
Shots
1 2 3 T
Devils 10 13 12 35
Nordiques 14 9 5 28

1st period

1. Nordiques , Kyle Calder 12 (Vladimir Tarasenko 30, Mark Eaton 14) at 0:39
2. Nordiques , Kyle Calder 13 (Marc-André Gragnani 2, Mark Eaton 15) at 5:14
3. Nordiques , Tim Connolly 25 (Vladimir Tarasenko 31, Matt Gilroy 4) at 6:04
4. Devils , Patrick Kane 39 (Jonathan Toews 39) at 6:08

Penalties :
Brandon Bollig (NJD) for Tripping (Minor) at 7:02, Brandon Bollig (NJD) for Hooking (Minor) at 16:39

2nd period

5. Nordiques , Kyle Calder 14 (Vladimir Tarasenko 32, Tim Connolly 63) at 8:24 (PP)
6. Nordiques , Jean-Pierre Dumont 14 (Matt Moulson 22, Paul Gaustad 12) at 10:47

Penalties :
Matt Duchene (NJD) for Hooking (Minor) at 7:50, Fedor Tyutin (Que) for Charging (Minor) at 11:14, Mike Komisarek (NJD) for Hooking (Minor) at 17:03

3rd period

7. Devils , Matt Duchene 31 (Jordan Eberle 40, Travis Hamonic 18) at 4:16
8. Devils , Patrick Kane 40 (Mikko Koivu 26) at 9:11 (SH)

Penalties :
Ryan Whitney (NJD) for Holding (Minor) at 8:39, Daniel Briere (Que) for Hooking (Minor) at 11:30

Goalie Stats

Ryan Miller (NJD), 13 saves from 17 shots - (0.765), L, 28-24-3, 28:24 minutes
James Reimer (NJD), 10 saves from 11 shots - (0.909), 31:36 minutes
Jonathan Quick (Que), 32 saves from 35 shots - (0.914), W, 33-20-9, 60:00 minutes

Players Stats for Devils

Player Name              G  A  P  +/- PIM S  H  SB GA TA FO     MP     PP MP  PK MP  
------------------------------------------------------------------------------------
Anthony Stewart          0  0  0  -1  0   1  0  1  0  0  0/0     8:01   0:00   0:00 
Brandon Bollig           0  0  0  -2  4   0  0  1  0  0  0/1    16:00   0:12   0:00 
Dmitry Kulikov           0  0  0   2  0   2  0  0  0  0  0/0    19:25   2:27   2:05 
Erik Christensen         0  0  0  -1  0   3  1  0  0  0  2/2     8:24   0:12   0:32 
Jonathan Toews           0  1  1  -1  0   5  3  1  0  0  5/13   18:43   1:58   2:14 
Jordan Eberle            0  1  1   1  0   2  1  0  0  0  1/2    21:20   1:48   2:14 
Kellan Lain              0  0  0  -1  0   2  3  0  0  0  1/1    16:29   1:58   0:32 
Kurt Sauer               0  0  0  -2  0   1  0  1  0  1  0/0    25:53   1:31   5:21 
Kyle Cumiskey            0  0  0  -1  0   0  0  0  0  0  0/0     4:45   0:00   0:00 
Martin St. Louis         0  0  0  -1  0   1  0  0  0  0  0/0     9:46   0:00   0:00 
Matt Duchene             1  0  1   1  2   4  0  0  0  0  11/18  17:45   1:48   0:00 
Mike Komisarek           0  0  0  -1  2   1  4  2  0  2  0/0    20:09   0:00   4:23 
Mikko Koivu              0  1  1   0  0   3  1  1  0  1  12/18  14:50   0:00   5:44 
Patrick Kane             2  0  2   0  0   3  6  0  0  0  2/2    21:02   2:10   5:44 
Ryan Whitney             0  0  0   0  2   0  1  0  0  0  0/0    13:46   2:27   2:02 
Taylor Hall              0  0  0   1  0   7  3  0  0  0  0/0    18:51   1:48   0:00 
Travis Hamonic           0  1  1   2  0   0  1  0  0  1  0/0    17:14   0:00   3:09 
Tyler Cuma               0  0  0  -2  0   0  1  0  0  1  0/0    19:02   1:31   0:00 

Players Stats for Nordiques

Player Name              G  A  P  +/- PIM S  H  SB GA TA FO     MP     PP MP  PK MP  
------------------------------------------------------------------------------------
Daniel Briere            0  0  0  -2  2   1  2  0  0  0  11/29  19:33   4:07   0:00 
Fedor Tyutin             0  0  0  -2  2   0  2  0  0  0  0/0    25:17   5:24   1:14 
Jean-Pierre Dumont       1  0  1   1  0   3  3  0  1  0  0/0    10:55   0:07   0:00 
Kyle Calder              3  0  3   2  0   5  3  1  0  0  0/0    18:15   4:16   0:47 
Marc-André Gragnani      0  1  1   1  0   1  0  0  0  0  0/0    19:35   3:06   1:18 
Marek Svatos             0  0  0  -2  0   1  3  1  1  0  3/4    21:49   4:07   2:11 
Mark Eaton               0  2  2   1  0   2  0  0  1  0  0/0    20:00   3:06   1:43 
Matt Gilroy              0  1  1   2  0   0  1  0  0  0  0/0    14:22   0:00   0:00 
Matt Moulson             0  1  1   1  0   1  0  0  0  0  0/0    10:27   0:07   0:00 
Michael Ryder            0  0  0   0  0   0  0  0  2  0  0/1     8:20   0:00   0:00 
Nikolai Kulemin          0  0  0   0  0   1  1  0  0  0  1/1     8:20   0:00   0:00 
Paul Gaustad             0  1  1   1  0   3  1  0  0  0  2/4    12:16   0:07   0:47 
R.J. Umberger            0  0  0  -2  0   0  2  1  0  0  0/2    20:31   4:07   1:00 
Rich Peverley            0  0  0   0  0   0  1  0  1  0  1/1     8:20   0:00   0:00 
Ryan Ellis               0  0  0  -2  0   2  1  1  0  0  0/0    26:03   5:24   2:40 
T.J. Fast                0  0  0   2  0   0  0  2  0  0  0/0    15:23   0:00   1:01 
Tim Connolly             1  1  2   2  0   3  3  0  0  0  5/15   18:55   4:16   2:11 
Vladimir Tarasenko       0  3  3   2  0   5  2  0  0  0  0/0    17:39   4:16   1:00 

3 Stars

1 - Kyle Calder (Que)
2 - Tim Connolly (Que)
3 - Patrick Kane (NJD)

Power Play

Devils - 0 on 2 Attempt(s) - 0.00%
Nordiques - 1 on 5 Attempt(s) - 20.00%

Penalty Kill

Devils - 4 on 5 Attempt(s) - 80.00% - Score 1 goal in Penalty Kill
Nordiques - 2 on 2 Attempt(s) - 100.00% - Score 0 goal in Penalty Kill

Team Stat

Devils - Hits : 25 - Faceoff Wins : 34 - Blocked Shots : 7 - Penalty Minutes : 10
Nordiques - Hits : 25 - Faceoff Wins : 23 - Blocked Shots : 6 - Penalty Minutes : 4

Official

Referees : L'Ecuyer Frederick and Marouelli Dan
Linesman : Greg Devorski and Steve Barton

Game Notes

Kyle Calder has scored a Hat Trick!
James Reimer enters game at 8:24 of 2nd period

Finance

Level 1 -- Attendance: 3763 (62.72%) -- Ticket Income $395,115
Level 2 -- Attendance: 3196 (63.92%) -- Ticket Income $207,740
Level 3 -- Attendance: 1302 (65.10%) -- Ticket Income $59,892
Level 4 -- Attendance: 2360 (59.00%) -- Ticket Income $82,600
Luxury Box -- Attendance: 805 (80.50%) -- Ticket Income $132,825
Game was played at the Centre Videotron.
Total Attendance: 11426 (63.48%)
Total Ticket Income: $878,172
Other Income: $131,726
Total Income: $1,009,898

Devils

5 vs 5 Forward 
   Center                   Left Wing                Right Wing               Time % Phy DF OF 
 1 Matt Duchene             Taylor Hall              Jordan Eberle            40     0   2  3  
 2 Jonathan Toews           Kellan Lain              Patrick Kane             30     0   2  3  
 3 Mikko Koivu              Brandon Bollig           Martin St. Louis         20     0   2  3  
 4 Erik Christensen         Brandon Bollig           Anthony Stewart          10     0   2  3  

5 vs 5 Defense 
   Defense                  Defense                                           Time % Phy DF OF 
 1 Kurt Sauer               Tyler Cuma                                        40     1   2  2  
 2 Travis Hamonic           Dmitry Kulikov                                    30     1   2  2  
 3 Ryan Whitney             Mike Komisarek                                    20     1   2  2  
 4 Mike Komisarek           Kyle Cumiskey                                     10     1   2  2  

PowerPlay Forward 
   Center                   Left Wing                Right Wing               Time % Phy DF OF 
 1 Jonathan Toews           Kellan Lain              Patrick Kane             60     0   2  3  
 2 Matt Duchene             Taylor Hall              Jordan Eberle            40     0   2  3  

PowerPlay Defense
   Defense                  Defense                                           Time % Phy DF OF 
 1 Dmitry Kulikov           Ryan Whitney                                      60     0   2  3  
 2 Tyler Cuma               Kurt Sauer                                        40     0   2  3  

Penalty Kill 4 Players Forward 
   Center                   Wing                     Time % Phy DF OF 
 1 Mikko Koivu              Patrick Kane             60     1   2  2  
 2 Jonathan Toews           Jordan Eberle            40     1   2  2  

Penalty Kill 4 Players Defense
   Defense                  Defense                  Time % Phy DF OF 
 1 Mike Komisarek           Kurt Sauer               60     1   2  2  
 2 Travis Hamonic           Ryan Whitney             40     1   2  2  

Penalty Kill - 3 Players Forward 
   Forward                                           Time % Phy DF OF 
 1 Jordan Eberle                                     60     1   2  2  
 2 Patrick Kane                                      40     1   2  2  

Penalty Kill - 3 Players Defense
   Defense                  Defense                  Time % Phy DF OF 
 1 Mike Komisarek           Kurt Sauer               60     1   2  2  
 2 Dmitry Kulikov           Ryan Whitney             40     1   2  2  

4 vs 4 Forward 
   Center                   Wing                     Time % Phy DF OF 
 1 Mikko Koivu              Jordan Eberle            60     1   2  2  
 2 Jonathan Toews           Taylor Hall              40     1   2  2  

4 vs 4 Defense
   Defense                  Defense                  Time % Phy DF OF 
 1 Mike Komisarek           Dmitry Kulikov           60     1   2  2  
 2 Tyler Cuma               Ryan Whitney             40     1   2  2  

Last Minutes Offensive
   Center                   Left Wing                Right Wing               Defense                  Defense                  
   Matt Duchene             Taylor Hall              Patrick Kane             Tyler Cuma               Kurt Sauer               

Last Minutes Defensive
   Center                   Left Wing                Right Wing               Defense                  Defense                  
   Matt Duchene             Taylor Hall              Jordan Eberle            Mike Komisarek           Kurt Sauer               

Goaltenders
Starting : Ryan Miller              
Backup : James Reimer             

Extra Forwards
Normal : Jordan Eberle, Jonathan Toews, Taylor Hall - PP : Jordan Eberle, Jonathan Toews - PK : Erik Christensen
Extra Defensemen
Normal : Tyler Cuma, Mike Komisarek, Dmitry Kulikov - PP : Tyler Cuma - PK : Mike Komisarek, Dmitry Kulikov
Penalty Shots
Patrick Kane, Jonathan Toews, Mikko Koivu, Jordan Eberle, Taylor Hall

Scratches
Chris Kreider (Suspend)

Nordiques

5 vs 5 Forward 
   Center                   Left Wing                Right Wing               Time % Phy DF OF 
 1 Daniel Briere            R.J. Umberger            Marek Svatos             40     0   1  4  
 2 Tim Connolly             Kyle Calder              Vladimir Tarasenko       30     1   1  3  
 3 Paul Gaustad             Matt Moulson             Jean-Pierre Dumont       20     1   1  3  
 4 Rich Peverley            Nikolai Kulemin          Michael Ryder            10     1   1  3  

5 vs 5 Defense 
   Defense                  Defense                                           Time % Phy DF OF 
 1 Fedor Tyutin             Ryan Ellis                                        40     1   3  1  
 2 Marc-André Gragnani      Mark Eaton                                        30     1   3  1  
 3 T.J. Fast                Matt Gilroy                                       20     1   3  1  
 4 Fedor Tyutin             Ryan Ellis                                        10     1   3  1  

PowerPlay Forward 
   Center                   Left Wing                Right Wing               Time % Phy DF OF 
 1 Daniel Briere            R.J. Umberger            Marek Svatos             60     0   0  5  
 2 Tim Connolly             Kyle Calder              Vladimir Tarasenko       40     0   0  5  

PowerPlay Defense
   Defense                  Defense                                           Time % Phy DF OF 
 1 Fedor Tyutin             Ryan Ellis                                        60     0   2  3  
 2 Marc-André Gragnani      Mark Eaton                                        40     0   2  3  

Penalty Kill 4 Players Forward 
   Center                   Wing                     Time % Phy DF OF 
 1 Marek Svatos             Tim Connolly             60     1   4  0  
 2 Vladimir Tarasenko       R.J. Umberger            40     1   4  0  

Penalty Kill 4 Players Defense
   Defense                  Defense                  Time % Phy DF OF 
 1 Fedor Tyutin             Ryan Ellis               60     2   3  0  
 2 Marc-André Gragnani      Mark Eaton               40     2   3  0  

Penalty Kill - 3 Players Forward 
   Forward                                           Time % Phy DF OF 
 1 Marek Svatos                                      60     0   5  0  
 2 Tim Connolly                                      40     0   5  0  

Penalty Kill - 3 Players Defense
   Defense                  Defense                  Time % Phy DF OF 
 1 Fedor Tyutin             Ryan Ellis               60     1   4  0  
 2 Marc-André Gragnani      Mark Eaton               40     1   4  0  

4 vs 4 Forward 
   Center                   Wing                     Time % Phy DF OF 
 1 Daniel Briere            Tim Connolly             60     1   1  3  
 2 Vladimir Tarasenko       R.J. Umberger            40     1   1  3  

4 vs 4 Defense
   Defense                  Defense                  Time % Phy DF OF 
 1 Fedor Tyutin             Ryan Ellis               60     1   3  1  
 2 Marc-André Gragnani      Mark Eaton               40     1   3  1  

Last Minutes Offensive
   Center                   Left Wing                Right Wing               Defense                  Defense                  
   Daniel Briere            R.J. Umberger            Marek Svatos             Fedor Tyutin             Ryan Ellis               

Last Minutes Defensive
   Center                   Left Wing                Right Wing               Defense                  Defense                  
   Tim Connolly             R.J. Umberger            Marek Svatos             Fedor Tyutin             Ryan Ellis               

Goaltenders
Starting : Jonathan Quick           
Backup : Julien Ellis             

Extra Forwards
Normal : Vladimir Tarasenko, Daniel Briere, Marek Svatos - PP : Vladimir Tarasenko, Daniel Briere - PK : Paul Gaustad
Extra Defensemen
Normal : Ryan Ellis, Fedor Tyutin, Mark Eaton - PP : Ryan Ellis - PK : Mark Eaton, T.J. Fast
Penalty Shots
Marek Svatos, Tim Connolly, Vladimir Tarasenko, R.J. Umberger, Daniel Briere

Scratches
Bruno Gervais (Healthy), Dustin Byfuglien (Left Forearm Injury), Petr Kalus (Healthy)

% Time on Ice - Devils

Lines # - Real PCT - Wanted PCT - Time Play
Normal Forward
1 - 34% - 40% - 16:11
2 - 32% - 30% - 15:21
3 - 19% - 20% - 9:06
4 - 15% - 10% - 6:54
Normal Defense
1 - 39% - 40% - 18:29
2 - 32% - 30% - 15:09
3 - 19% - 20% - 9:09
4 - 10% - 10% - 4:45
PP Forward
1 - 55% - 60% - 2:10
2 - 45% - 40% - 1:48
PP Defense
1 - 62% - 60% - 2:27
2 - 38% - 40% - 1:31
PK Forward
1 - 74% - 60% - 6:16
2 - 26% - 40% - 2:14
PK Defense
1 - 63% - 60% - 5:21
2 - 37% - 40% - 3:09
PK3 Forward
1 - 0% - 60%
2 - 0% - 40%
PK3 Defense
1 - 0% - 60%
2 - 0% - 40%
44 Forward
1 - 0% - 60%
2 - 0% - 40%
44 Defense
1 - 0% - 60%
2 - 0% - 40%
Last Minute Offensive  - 0:00
Last Minute Defensive  - 0:00
Total
Forward - 60:00
Defense - 60:00

% Time on Ice - Nordiques

Lines # - Real PCT - Wanted PCT - Time Play
Normal Forward
1 - 35% - 40% - 16:30
2 - 26% - 30% - 12:34
3 - 21% - 20% - 10:08
4 - 18% - 10% - 8:20
Normal Defense
1 - 37% - 40% - 17:28
2 - 32% - 30% - 15:11
3 - 30% - 20% - 14:22
4 - 1% - 10% - 0:31
PP Forward
1 - 50% - 60% - 4:14
2 - 50% - 40% - 4:16
PP Defense
1 - 64% - 60% - 5:24
2 - 36% - 40% - 3:06
PK Forward
1 - 75% - 60% - 2:58
2 - 25% - 40% - 1:00
PK Defense
1 - 67% - 60% - 2:40
2 - 33% - 40% - 1:18
PK3 Forward
1 - 0% - 60%
2 - 0% - 40%
PK3 Defense
1 - 0% - 60%
2 - 0% - 40%
44 Forward
1 - 0% - 60%
2 - 0% - 40%
44 Defense
1 - 0% - 60%
2 - 0% - 40%
Last Minute Offensive  - 0:00
Last Minute Defensive  - 0:00
Total
Forward - 60:00
Defense - 60:00

Play by Play

1st period


0:01 of 1st period - Matt Duchene wins face-off versus Daniel Briere in neutral zone.
0:26 of 1st period - Kellan Lain is hit by Tim Connolly and loses puck.
0:35 of 1st period - Wrist shot by Vladimir Tarasenko.
0:35 of 1st period - Shot Misses the Net.
0:37 of 1st period - Wrist shot by Kyle Calder.
0:37 of 1st period - Stopped by Ryan Miller with a rebound.
0:39 of 1st period - Snap shot by Kyle Calder.
0:39 of 1st period - Goal by Kyle Calder - Devils : 0 - Nordiques : 1.
0:40 of 1st period - Paul Gaustad wins face-off versus Mikko Koivu in neutral zone.
0:47 of 1st period - Wrist shot by Paul Gaustad.
0:47 of 1st period - Deflect By Matt Moulson.
0:47 of 1st period - Shot Misses the Net.
0:47 of 1st period - Puck is out of play.
0:48 of 1st period - Mikko Koivu wins face-off versus Paul Gaustad in Devils zone.
1:14 of 1st period - Snap shot by Matt Moulson.
1:14 of 1st period - Deflect By Paul Gaustad.
1:14 of 1st period - Stopped by Ryan Miller without a rebound.
1:15 of 1st period - Nikolai Kulemin wins face-off versus Matt Duchene in Devils zone.
1:16 of 1st period - Snap shot by Rich Peverley.
1:16 of 1st period - Shot Misses the Net.
1:26 of 1st period - Ryan Whitney is hit by Rich Peverley and loses puck.
2:21 of 1st period - Ryan Ellis is hit by Taylor Hall and loses puck.
2:28 of 1st period - Slapshot by Matt Duchene.
2:28 of 1st period - Stopped by Jonathan Quick with a rebound.
2:38 of 1st period - Ryan Ellis is hit by Tyler Cuma.
3:29 of 1st period - Snap shot by Matt Moulson.
3:29 of 1st period - Shot Blocked by Anthony Stewart.
4:27 of 1st period - Slapshot by Paul Gaustad.
4:27 of 1st period - Stopped by Ryan Miller with a rebound.
4:29 of 1st period - Slapshot by Mark Eaton.
4:29 of 1st period - Shot Misses the Net.
4:31 of 1st period - Snap shot by Paul Gaustad.
4:31 of 1st period - Stopped by Ryan Miller with a rebound.
4:35 of 1st period - Snap shot by Matt Moulson.
4:35 of 1st period - Shot Misses the Net.
4:37 of 1st period - Snap shot by Jean-Pierre Dumont.
4:37 of 1st period - Stopped by Ryan Miller with a rebound.
4:39 of 1st period - Slapshot by Matt Moulson.
4:39 of 1st period - Shot Blocked by Mike Komisarek.
5:02 of 1st period - Off-side.
5:03 of 1st period - Tim Connolly wins face-off versus Jonathan Toews in neutral zone.
5:08 of 1st period - Snap shot by Vladimir Tarasenko.
5:08 of 1st period - Stopped by Ryan Miller with a rebound.
5:10 of 1st period - Slapshot by Mark Eaton.
5:10 of 1st period - Stopped by Ryan Miller with a rebound.
5:12 of 1st period - Slapshot by Marc-André Gragnani.
5:12 of 1st period - Shot Misses the Net.
5:14 of 1st period - Wrist shot by Kyle Calder.
5:14 of 1st period - Goal by Kyle Calder - Devils : 0 - Nordiques : 2.
5:15 of 1st period - Daniel Briere wins face-off versus Matt Duchene in neutral zone.
5:26 of 1st period - Wrist shot by Marek Svatos.
5:26 of 1st period - Shot Misses the Net.
5:28 of 1st period - Snap shot by Mark Eaton.
5:28 of 1st period - Stopped by Ryan Miller without a rebound.
5:29 of 1st period - Daniel Briere wins face-off versus Matt Duchene in Devils zone.
6:04 of 1st period - Wrist shot by Tim Connolly.
6:04 of 1st period - Goal by Tim Connolly - Devils : 0 - Nordiques : 3.
6:05 of 1st period - Jonathan Toews wins face-off versus Daniel Briere in neutral zone.
6:08 of 1st period - Snap shot by Patrick Kane.
6:08 of 1st period - Goal by Patrick Kane - Devils : 1 - Nordiques : 3.
6:09 of 1st period - Daniel Briere wins face-off versus Matt Duchene in neutral zone.
7:02 of 1st period - Minor Penalty to Brandon Bollig for Tripping.
7:03 of 1st period - Daniel Briere wins face-off versus Mikko Koivu in Devils zone.
7:29 of 1st period - Vladimir Tarasenko is hit by Mike Komisarek and loses puck.
9:02 of 1st period - Penalty to Brandon Bollig is over, Brandon Bollig is back on ice.
9:07 of 1st period - Kellan Lain is hit by Jean-Pierre Dumont and loses puck.
10:32 of 1st period - Matt Moulson is hit by Jonathan Toews and loses puck.
10:45 of 1st period - Travis Hamonic is hit by Kyle Calder and loses puck.
10:50 of 1st period - Snap shot by Tim Connolly.
10:50 of 1st period - Stopped by Ryan Miller with a rebound.
10:52 of 1st period - Slapshot by Marc-André Gragnani.
10:52 of 1st period - Stopped by Ryan Miller without a rebound.
10:53 of 1st period - Mikko Koivu wins face-off versus Daniel Briere in Devils zone.
10:53 of 1st period - Mikko Koivu is hit by Marek Svatos.
11:07 of 1st period - Wrist shot by Martin St. Louis.
11:07 of 1st period - Stopped by Jonathan Quick without a rebound.
11:08 of 1st period - Jonathan Toews wins face-off versus Tim Connolly in Nordiques zone.
11:11 of 1st period - Slapshot by Jonathan Toews.
11:11 of 1st period - Stopped by Jonathan Quick without a rebound.
11:12 of 1st period - Patrick Kane wins face-off versus Tim Connolly in Nordiques zone.
11:41 of 1st period - Ryan Ellis is hit by Travis Hamonic and loses puck.
11:46 of 1st period - Snap shot by Matt Duchene.
11:46 of 1st period - Stopped by Jonathan Quick without a rebound.
11:47 of 1st period - Daniel Briere wins face-off versus Matt Duchene in Nordiques zone.
12:12 of 1st period - Vladimir Tarasenko is hit by Kellan Lain and loses puck.
12:51 of 1st period - Tim Connolly is hit by Ryan Whitney and loses puck.
13:02 of 1st period - Wrist shot by Erik Christensen.
13:02 of 1st period - Stopped by Jonathan Quick with a rebound.
13:10 of 1st period - Slapshot by Anthony Stewart.
13:10 of 1st period - Shot Blocked by Kyle Calder.
13:12 of 1st period - Wrist shot by Mike Komisarek.
13:12 of 1st period - Shot Misses the Net.
13:22 of 1st period - Erik Christensen is hit by Kyle Calder and loses puck.
13:29 of 1st period - T.J. Fast is hit by Mike Komisarek and loses puck.
13:36 of 1st period - Backhand shot by Erik Christensen.
13:36 of 1st period - Stopped by Jonathan Quick without a rebound.
13:37 of 1st period - Matt Duchene wins face-off versus Daniel Briere in Nordiques zone.
13:48 of 1st period - Snap shot by Taylor Hall.
13:48 of 1st period - Shot Misses the Net.
14:15 of 1st period - Wrist shot by Taylor Hall.
14:15 of 1st period - Stopped by Jonathan Quick with a rebound.
14:17 of 1st period - Snap shot by Jordan Eberle.
14:17 of 1st period - Stopped by Jonathan Quick without a rebound.
14:18 of 1st period - Patrick Kane wins face-off versus Daniel Briere in Nordiques zone.
14:19 of 1st period - Snap shot by Jonathan Toews.
14:19 of 1st period - Stopped by Jonathan Quick without a rebound.
14:20 of 1st period - Daniel Briere wins face-off versus Jonathan Toews in Nordiques zone.
15:07 of 1st period - Icing by Kurt Sauer.
15:08 of 1st period - Mikko Koivu wins face-off versus Michael Ryder in Devils zone.
15:55 of 1st period - Kyle Calder is hit by Mikko Koivu and loses puck.
16:22 of 1st period - Wrist shot by Jean-Pierre Dumont.
16:22 of 1st period - Shot Misses the Net.
16:39 of 1st period - Minor Penalty to Brandon Bollig for Hooking.
16:40 of 1st period - Daniel Briere wins face-off versus Mikko Koivu in Devils zone.
17:09 of 1st period - Off-side.
17:10 of 1st period - Tim Connolly wins face-off versus Jonathan Toews in neutral zone.
18:39 of 1st period - Penalty to Brandon Bollig is over, Brandon Bollig is back on ice.
18:44 of 1st period - Wrist shot by Jean-Pierre Dumont.
18:44 of 1st period - Stopped by Ryan Miller with a rebound.
18:46 of 1st period - Snap shot by Paul Gaustad.
18:46 of 1st period - Shot Blocked by Brandon Bollig.
18:48 of 1st period - Snap shot by Mark Eaton.
18:48 of 1st period - Shot Blocked by Kurt Sauer.
18:56 of 1st period - T.J. Fast is hit by Mike Komisarek and loses puck.
19:25 of 1st period - Rich Peverley is hit by Patrick Kane and loses puck.
Goals for this period are 1 for Devils vs 3 for Nordiques.
Shots for this period are 10 for Devils vs 14 for Nordiques.

2nd period


0:01 of 2nd period - Matt Duchene wins face-off versus Daniel Briere in neutral zone.
0:04 of 2nd period - Slapshot by Kurt Sauer.
0:04 of 2nd period - Stopped by Jonathan Quick with a rebound.
0:12 of 2nd period - Slapshot by Taylor Hall.
0:12 of 2nd period - Stopped by Jonathan Quick with a rebound.
0:14 of 2nd period - Slapshot by Kurt Sauer.
0:14 of 2nd period - Shot Blocked by Ryan Ellis.
0:16 of 2nd period - Snap shot by Taylor Hall.
0:16 of 2nd period - Stopped by Jonathan Quick without a rebound.
0:17 of 2nd period - Jonathan Toews wins face-off versus Tim Connolly in Nordiques zone.
0:22 of 2nd period - Wrist shot by Jonathan Toews.
0:22 of 2nd period - Stopped by Jonathan Quick with a rebound.
0:39 of 2nd period - Icing by Jonathan Toews.
0:40 of 2nd period - Jordan Eberle wins face-off versus Daniel Briere in Devils zone.
0:40 of 2nd period - Jordan Eberle is hit by Daniel Briere.
1:06 of 2nd period - Ryan Whitney is hit by Vladimir Tarasenko and loses puck.
2:48 of 2nd period - Snap shot by Anthony Stewart.
2:48 of 2nd period - Stopped by Jonathan Quick without a rebound.
2:49 of 2nd period - Matt Duchene wins face-off versus Daniel Briere in Nordiques zone.
2:54 of 2nd period - Backhand shot by Taylor Hall.
2:54 of 2nd period - Shot Misses the Net.
3:14 of 2nd period - Matt Duchene is hit by Paul Gaustad and loses puck.
3:21 of 2nd period - Snap shot by Matt Moulson.
3:21 of 2nd period - Stopped by Ryan Miller without a rebound.
3:22 of 2nd period - Jonathan Toews wins face-off versus Daniel Briere in Devils zone.
3:22 of 2nd period - Jonathan Toews is hit by Marek Svatos.
3:32 of 2nd period - Patrick Kane is hit by Marek Svatos.
3:50 of 2nd period - Slapshot by Mikko Koivu.
3:50 of 2nd period - Stopped by Jonathan Quick without a rebound.
3:51 of 2nd period - Mikko Koivu wins face-off versus Tim Connolly in Nordiques zone.
4:10 of 2nd period - Slapshot by Kyle Calder.
4:10 of 2nd period - Stopped by Ryan Miller without a rebound.
4:11 of 2nd period - Daniel Briere wins face-off versus Matt Duchene in Devils zone.
4:14 of 2nd period - Wrist shot by Daniel Briere.
4:14 of 2nd period - Shot Misses the Net.
4:20 of 2nd period - Mark Eaton is hit by Jordan Eberle and loses puck.
4:29 of 2nd period - Marek Svatos is hit by Taylor Hall and loses puck.
5:28 of 2nd period - Snap shot by Michael Ryder.
5:28 of 2nd period - Shot Misses the Net.
6:03 of 2nd period - Icing by Ryan Ellis.
6:04 of 2nd period - Erik Christensen wins face-off versus Daniel Briere in Nordiques zone.
6:05 of 2nd period - Slapshot by Brandon Bollig.
6:05 of 2nd period - Deflect By Jordan Eberle.
6:05 of 2nd period - Shot Blocked by Marek Svatos.
6:05 of 2nd period - Puck is out of play.
6:06 of 2nd period - Matt Duchene wins face-off versus R.J. Umberger in Nordiques zone.
6:07 of 2nd period - Snap shot by Taylor Hall.
6:07 of 2nd period - Stopped by Jonathan Quick with a rebound.
6:52 of 2nd period - Martin St. Louis is hit by Jean-Pierre Dumont and loses puck.
7:06 of 2nd period - Icing by Mike Komisarek.
7:07 of 2nd period - Rich Peverley wins face-off versus Brandon Bollig in Devils zone.
7:50 of 2nd period - Minor Penalty to Matt Duchene for Hooking.
7:51 of 2nd period - Mikko Koivu wins face-off versus Daniel Briere in Devils zone.
8:02 of 2nd period - Ryan Ellis is hit by Patrick Kane and loses puck.
8:24 of 2nd period - Wrist shot by Vladimir Tarasenko.
8:24 of 2nd period - Deflect By Kyle Calder.
8:24 of 2nd period - Goal by Kyle Calder - Devils : 1 - Nordiques : 4.
8:24 of 2nd period - James Reimer enters game.
8:25 of 2nd period - Matt Duchene wins face-off versus Daniel Briere in neutral zone.
8:42 of 2nd period - Travis Hamonic is hit by Ryan Ellis and loses puck.
8:57 of 2nd period - Wrist shot by Vladimir Tarasenko.
8:57 of 2nd period - Stopped by James Reimer with a rebound.
9:50 of 2nd period - Wrist shot by Mikko Koivu.
9:50 of 2nd period - Stopped by Jonathan Quick without a rebound.
9:51 of 2nd period - Matt Duchene wins face-off versus Daniel Briere in Nordiques zone.
10:02 of 2nd period - Jordan Eberle is hit by R.J. Umberger and loses puck.
10:29 of 2nd period - Snap shot by Mikko Koivu.
10:29 of 2nd period - Stopped by Jonathan Quick with a rebound.
10:47 of 2nd period - Snap shot by Matt Moulson.
10:47 of 2nd period - Deflect By Jean-Pierre Dumont.
10:47 of 2nd period - Goal by Jean-Pierre Dumont - Devils : 1 - Nordiques : 5.
10:48 of 2nd period - Matt Duchene wins face-off versus Daniel Briere in neutral zone.
10:55 of 2nd period - Snap shot by Taylor Hall.
10:55 of 2nd period - Stopped by Jonathan Quick with a rebound.
11:01 of 2nd period - Slapshot by Taylor Hall.
11:01 of 2nd period - Shot Misses the Net.
11:03 of 2nd period - Slapshot by Dmitry Kulikov.
11:03 of 2nd period - Deflect By Ryan Ellis.
11:03 of 2nd period - Stopped by Jonathan Quick with a rebound.
11:05 of 2nd period - Snap shot by Taylor Hall.
11:05 of 2nd period - Stopped by Jonathan Quick without a rebound.
11:06 of 2nd period - Kellan Lain wins face-off versus Tim Connolly in Nordiques zone.
11:14 of 2nd period - Minor Penalty to Fedor Tyutin for Charging.
11:15 of 2nd period - Marek Svatos wins face-off versus Jonathan Toews in Nordiques zone.
11:25 of 2nd period - Slapshot by Dmitry Kulikov.
11:25 of 2nd period - Shot Misses the Net.
12:07 of 2nd period - Snap shot by Vladimir Tarasenko.
12:07 of 2nd period - Shot Misses the Net.
12:13 of 2nd period - Wrist shot by R.J. Umberger.
12:13 of 2nd period - Shot Misses the Net.
12:33 of 2nd period - Snap shot by Jordan Eberle.
12:33 of 2nd period - Stopped by Jonathan Quick without a rebound.
12:34 of 2nd period - Marek Svatos wins face-off versus Jonathan Toews in Nordiques zone.
12:47 of 2nd period - Slapshot by Kurt Sauer.
12:47 of 2nd period - Shot Blocked by T.J. Fast.
13:01 of 2nd period - Kurt Sauer is hit by Vladimir Tarasenko and loses puck.
13:14 of 2nd period - Penalty to Fedor Tyutin is over, Fedor Tyutin is back on ice.
14:13 of 2nd period - Mark Eaton is hit by Patrick Kane and loses puck.
15:18 of 2nd period - T.J. Fast is hit by Taylor Hall and loses puck.
15:29 of 2nd period - Paul Gaustad is hit by Patrick Kane and loses puck.
16:02 of 2nd period - Jonathan Toews is hit by Fedor Tyutin and loses puck.
16:13 of 2nd period - T.J. Fast is hit by Kellan Lain and loses puck.
16:31 of 2nd period - Martin St. Louis is hit by Daniel Briere and loses puck.
17:03 of 2nd period - Minor Penalty to Mike Komisarek for Hooking.
17:04 of 2nd period - Tim Connolly wins face-off versus Mikko Koivu in Devils zone.
17:06 of 2nd period - Wrist shot by Vladimir Tarasenko.
17:06 of 2nd period - Stopped by James Reimer without a rebound.
17:07 of 2nd period - Mikko Koivu wins face-off versus Tim Connolly in Devils zone.
17:07 of 2nd period - Mikko Koivu is hit by Tim Connolly.
17:17 of 2nd period - Travis Hamonic is hit by Fedor Tyutin.
17:28 of 2nd period - Icing by Fedor Tyutin.
17:29 of 2nd period - Mikko Koivu wins face-off versus Tim Connolly in Nordiques zone.
17:30 of 2nd period - Wrist shot by Patrick Kane.
17:30 of 2nd period - Shot Misses the Net.
17:40 of 2nd period - Slapshot by Ryan Ellis.
17:40 of 2nd period - Deflect By Patrick Kane.
17:40 of 2nd period - Stopped by James Reimer with a rebound.
17:42 of 2nd period - Slapshot by Ryan Ellis.
17:42 of 2nd period - Stopped by James Reimer without a rebound.
17:43 of 2nd period - Daniel Briere wins face-off versus Mikko Koivu in Devils zone.
17:58 of 2nd period - Snap shot by R.J. Umberger.
17:58 of 2nd period - Shot Blocked by Mikko Koivu.
18:29 of 2nd period - Slapshot by Marek Svatos.
18:29 of 2nd period - Stopped by James Reimer without a rebound.
18:30 of 2nd period - Mikko Koivu wins face-off versus Tim Connolly in Devils zone.
18:39 of 2nd period - Kurt Sauer is hit by Kyle Calder and loses puck.
18:44 of 2nd period - Backhand shot by Kyle Calder.
18:44 of 2nd period - Deflect By Vladimir Tarasenko.
18:44 of 2nd period - Shot Misses the Net.
18:44 of 2nd period - Puck is out of play.
18:45 of 2nd period - Tim Connolly wins face-off versus Mikko Koivu in Devils zone.
19:03 of 2nd period - Penalty to Mike Komisarek is over, Mike Komisarek is back on ice.
19:51 of 2nd period - Matt Moulson is hit by Jonathan Toews and loses puck.
Goals for this period are 0 for Devils vs 2 for Nordiques.
Shots for this period are 13 for Devils vs 9 for Nordiques.

3rd period


0:01 of 3rd period - Daniel Briere wins face-off versus Jordan Eberle in neutral zone.
1:00 of 3rd period - Snap shot by Jonathan Toews.
1:00 of 3rd period - Deflect By Patrick Kane.
1:00 of 3rd period - Stopped by Jonathan Quick with a rebound.
1:14 of 3rd period - Dmitry Kulikov is hit by R.J. Umberger and loses puck.
2:01 of 3rd period - Off-side.
2:02 of 3rd period - Tim Connolly wins face-off versus Jonathan Toews in neutral zone.
2:13 of 3rd period - Ryan Ellis is hit by Kellan Lain and loses puck.
2:28 of 3rd period - Wrist shot by Jonathan Toews.
2:28 of 3rd period - Stopped by Jonathan Quick with a rebound.
2:38 of 3rd period - Wrist shot by Jonathan Toews.
2:38 of 3rd period - Deflect By Patrick Kane.
2:38 of 3rd period - Shot Misses the Net.
2:38 of 3rd period - Puck is out of play.
2:39 of 3rd period - Matt Duchene wins face-off versus Daniel Briere in Nordiques zone.
3:23 of 3rd period - Icing by T.J. Fast.
3:24 of 3rd period - Paul Gaustad wins face-off versus Jonathan Toews in Nordiques zone.
3:29 of 3rd period - Kurt Sauer is hit by Matt Gilroy and loses puck.
3:58 of 3rd period - Snap shot by Daniel Briere.
3:58 of 3rd period - Stopped by James Reimer without a rebound.
3:59 of 3rd period - Daniel Briere wins face-off versus Matt Duchene in Devils zone.
4:16 of 3rd period - Wrist shot by Matt Duchene.
4:16 of 3rd period - Goal by Matt Duchene - Devils : 2 - Nordiques : 5.
4:17 of 3rd period - Matt Duchene wins face-off versus Daniel Briere in neutral zone.
4:24 of 3rd period - Slapshot by Jordan Eberle.
4:24 of 3rd period - Shot Misses the Net.
4:26 of 3rd period - Snap shot by Taylor Hall.
4:26 of 3rd period - Stopped by Jonathan Quick with a rebound.
4:28 of 3rd period - Wrist shot by Matt Duchene.
4:28 of 3rd period - Stopped by Jonathan Quick with a rebound.
4:30 of 3rd period - Slapshot by Tyler Cuma.
4:30 of 3rd period - Shot Blocked by R.J. Umberger.
4:32 of 3rd period - Slapshot by Kurt Sauer.
4:32 of 3rd period - Shot Misses the Net.
5:07 of 3rd period - Patrick Kane is hit by Tim Connolly and loses puck.
5:12 of 3rd period - Snap shot by Vladimir Tarasenko.
5:12 of 3rd period - Stopped by James Reimer with a rebound.
5:14 of 3rd period - Wrist shot by Tim Connolly.
5:14 of 3rd period - Stopped by James Reimer with a rebound.
5:16 of 3rd period - Slapshot by Vladimir Tarasenko.
5:16 of 3rd period - Stopped by James Reimer with a rebound.
5:18 of 3rd period - Slapshot by T.J. Fast.
5:18 of 3rd period - Shot Blocked by Jonathan Toews.
5:49 of 3rd period - Mike Komisarek is hit by Nikolai Kulemin and loses puck.
6:36 of 3rd period - Daniel Briere is hit by Patrick Kane and loses puck.
7:05 of 3rd period - Rich Peverley is hit by Mike Komisarek and loses puck.
7:52 of 3rd period - Vladimir Tarasenko is hit by Patrick Kane and loses puck.
8:21 of 3rd period - Slapshot by Erik Christensen.
8:21 of 3rd period - Shot Misses the Net.
8:29 of 3rd period - Marek Svatos is hit by Jonathan Toews and loses puck.
8:39 of 3rd period - Minor Penalty to Ryan Whitney for Holding.
8:40 of 3rd period - Mikko Koivu wins face-off versus Tim Connolly in Devils zone.
9:03 of 3rd period - Icing by Kyle Calder.
9:04 of 3rd period - Mikko Koivu wins face-off versus Tim Connolly in Nordiques zone.
9:11 of 3rd period - Snap shot by Patrick Kane.
9:11 of 3rd period - Goal by Patrick Kane - Devils : 3 - Nordiques : 5.
9:12 of 3rd period - Mikko Koivu wins face-off versus Daniel Briere in neutral zone.
9:15 of 3rd period - Slapshot by Patrick Kane.
9:15 of 3rd period - Shot Misses the Net.
9:17 of 3rd period - Backhand shot by Mike Komisarek.
9:17 of 3rd period - Stopped by Jonathan Quick without a rebound.
9:18 of 3rd period - Mikko Koivu wins face-off versus R.J. Umberger in Nordiques zone.
10:39 of 3rd period - Penalty to Ryan Whitney is over, Ryan Whitney is back on ice.
10:53 of 3rd period - Slapshot by Jonathan Toews.
10:53 of 3rd period - Stopped by Jonathan Quick with a rebound.
11:30 of 3rd period - Minor Penalty to Daniel Briere for Hooking.
11:31 of 3rd period - Jonathan Toews wins face-off versus Marek Svatos in Nordiques zone.
11:31 of 3rd period - Snap shot by Patrick Kane.
11:31 of 3rd period - Shot Hit the Post.
11:33 of 3rd period - Slapshot by Dmitry Kulikov.
11:33 of 3rd period - Deflect By Marek Svatos.
11:33 of 3rd period - Stopped by Jonathan Quick without a rebound.
11:34 of 3rd period - Marek Svatos wins face-off versus Jonathan Toews in Nordiques zone.
12:29 of 3rd period - Snap shot by Taylor Hall.
12:29 of 3rd period - Shot Misses the Net.
13:21 of 3rd period - Paul Gaustad is hit by Erik Christensen and loses puck.
13:30 of 3rd period - Penalty to Daniel Briere is over, Daniel Briere is back on ice.
13:42 of 3rd period - Snap shot by Nikolai Kulemin.
13:42 of 3rd period - Stopped by James Reimer with a rebound.
13:44 of 3rd period - Wrist shot by T.J. Fast.
13:44 of 3rd period - Shot Misses the Net.
13:59 of 3rd period - Icing by Michael Ryder.
14:00 of 3rd period - Erik Christensen wins face-off versus Paul Gaustad in Nordiques zone.
14:01 of 3rd period - Slapshot by Kellan Lain.
14:01 of 3rd period - Stopped by Jonathan Quick with a rebound.
14:03 of 3rd period - Snap shot by Anthony Stewart.
14:03 of 3rd period - Shot Misses the Net.
14:05 of 3rd period - Slapshot by Erik Christensen.
14:05 of 3rd period - Stopped by Jonathan Quick with a rebound.
14:07 of 3rd period - Wrist shot by Kellan Lain.
14:07 of 3rd period - Deflect By Jean-Pierre Dumont.
14:07 of 3rd period - Shot Blocked by T.J. Fast.
14:07 of 3rd period - Puck is out of play.
14:08 of 3rd period - Matt Duchene wins face-off versus Daniel Briere in Nordiques zone.
14:33 of 3rd period - Matt Duchene is hit by Jean-Pierre Dumont and loses puck.
14:58 of 3rd period - Snap shot by Kellan Lain.
14:58 of 3rd period - Stopped by Jonathan Quick with a rebound.
15:28 of 3rd period - Snap shot by Daniel Briere.
15:28 of 3rd period - Shot Blocked by Mike Komisarek.
17:38 of 3rd period - Snap shot by Daniel Briere.
17:38 of 3rd period - Shot Misses the Net.
17:40 of 3rd period - Snap shot by R.J. Umberger.
17:40 of 3rd period - Shot Misses the Net.
Goals for this period are 2 for Devils vs 0 for Nordiques.
Shots for this period are 12 for Devils vs 5 for Nordiques.